 Dungeon Crawl Stone Soup version 0.32-a0-132-g2d33c3cfaf (webtiles) character file.

Game seed: 14924229785267635168

23237 hipposaver the Nimble (level 13, -3/99 HPs)
             Began as a Djinni Conjurer on Feb 10, 2024.
             Was an Initiate of Gozag.
             Shot with a bolt by a yaktaur (25 damage)
             ... on level 13 of the Dungeon.
             The game lasted 00:56:50 (18094 turns).

hipposaver the Nimble (Djinni Conjurer)            Turns: 18094, Time: 00:56:50

Health: -3/99      AC: 14    Str:  1    XL:     13   Next: 33%
Gold:   980        EV: 14    Int: 22    God:    Gozag SH:  5 Dex: 18

rFire   + + +        e - staff of fire
rCold   + + .        (no shield)
rNeg    . . .        u - +0 leather armour of Noeline {rElec rC+++ Will++ Str-5}
rPois   ∞            b - +1 helmet
rElec   +            (no cloak)
rCorr   .            x - +2 pair of gloves {Dex+3}
SInv    .            (boots unavailable)
Will    +++..        t - amulet of reflection
Stlth   ++           j - +4 ring of protection
HPRegen 0.36/turn    (no ring)
MPRegen 0.00/turn

%: reflection, infuse magic (-4 HP)
@: about to teleport, flying
A: sickness immunity, fire resistance 2, cold vulnerability 1, float, innate
caster, HP casting, extra vitality 1
a: Renounce Religion, Potion Petition, Call Merchant, Bribe Branch


You were on level 13 of the Dungeon.
You worshipped Gozag.
Gozag was pleased with you.
You visited 3 branches of the dungeon, and saw 15 of its levels.

You collected 3120 gold pieces.
You spent 517 gold pieces at shops.
You paid 1623 gold pieces to Gozag.

Inventory:

Missiles
 c - 4 throwing nets
Armour
 a - a +0 robe
 b - a +1 helmet (worn)
 i - a +0 pair of gloves
 u - the +0 leather armour of Noeline (worn) {rElec rC+++ Will++ Str-5}
   (You bought it in a shop on level 7 of the Dungeon)

   Str-5:     It affects your strength (-5).
   rC+++:     It renders you almost immune to cold.
   rElec:     It insulates you from electricity.
   Will++:    It greatly increases your willpower.
 x - a +2 pair of gloves of dexterity (worn)
Magical Staves
 e - a staff of fire (weapon)
Jewellery
 j - a +4 ring of protection (left hand)
 t - an amulet of reflection (around neck)
Wands
 f - a wand of flame (22)
Scrolls
 k - 2 scrolls of teleportation
 n - 2 scrolls of enchant weapon
 o - 2 scrolls of immolation
 q - a scroll of blinking
 y - a scroll of fear
Potions
 d - 2 potions of attraction
 g - 8 potions of curing
 l - a potion of lignification
 m - a potion of heal wounds
 p - a potion of might
 r - 2 potions of invisibility
 s - 2 potions of degeneration
 v - 2 potions of haste
 w - a potion of brilliance


   Skills:
 + Level 11.0 Fighting
 + Level 11.0 Armour
 + Level 12.2 Dodging
 - Level 1.5 Stealth
 + Level 9.1 Spellcasting
 + Level 9.1 Conjurations
 + Level 9.1 Hexes
 + Level 9.1 Summonings
 + Level 9.1 Necromancy
 + Level 9.1 Translocations
 + Level 9.1 Fire Magic
 + Level 9.1 Ice Magic
 + Level 9.1 Air Magic
 + Level 9.1 Earth Magic
 + Level 9.1 Alchemy


You knew the following spells:

 Your Spells              Type           Power      Damage    Failure   Level
a - Magic Dart            Conj           100%       1d8       1%          1
b - Searing Ray           Conj           100%       2d8       1%          2
c - Fulminant Prism       Conj/Alch      25%        3d14      3%          4
d - Iskenderun's Mystic   Conj/Tloc      50%        2d11      3%          4
e - Shock                 Conj/Air       100%       1d9       1%          1
f - Momentum Strike       Conj/Tloc      100%       3d10      1%          2
g - Summon Ice Beast      Ice/Summ       50%        N/A       1%          3
h - Martyr's Knell        Necr/Summ      50%        N/A       3%          4
i - Ignite Poison         Fire/Alch      66%        N/A       3%          4
j - Alistair's Intoxicat  Alch           33%        N/A       10%         5
Your spell library was empty.

Dungeon Overview and Level Annotations

Branches:
Dungeon (13/15)            Temple (1/1) D:6            Lair (2/5) D:8
 Shoals (0/4) Lair:2       Vaults (0/5) D:13
  Snake: Lair:2-3    Spider: Lair:2-3       Orc: D:9-12

Altars:
Ashenzari
Cheibriados
Dithmenos
Elyvilon
Fedhas
Gozag
Hepliaklqana
Makhleb
Nemelex Xobeh
Okawaru
Qazlal
Ru
Trog
Uskayaw
Wu Jian
Xom
Yredelemnul
Zin
The Shining One

Shops:
D:7 [   D:9 *   D:13 ?   Lair:1 [

Annotations:
D:3 2 transporters
D:5 2 runed translucent doors
D:6 2 transporters, Ceno's ghost, novice TeRe
Temple 2 transporters
Lair:2 2 runed translucent doors, Tollund's ghost, journeyman SpAl


Innate Abilities, Weirdness & Mutations

You are immune to sickness and miasma.
You are immune to poison.
Your flesh is very heat resistant. (rF++)
You are vulnerable to cold. (rC-)
You float through the air rather than walking.
You learn spells naturally, not from books.
Your magical power is your life essence.
You have superior vitality. (+4 MHP)


Message History

The boulder beetle bites you!!
Your ice beast hits the boulder beetle.
Your ice beast freezes the boulder beetle!
The searing ray hits the boulder beetle but does no damage.
The boulder beetle is heavily wounded.
You finish channelling your searing ray.
The boulder beetle bites you!
Your ice beast barely misses the boulder beetle.
You feel much better. The boulder beetle closely misses you.
Your ice beast hits the boulder beetle but does no damage.
As you read the scroll of teleportation, it crumbles to dust.
You feel strangely unstable. You block the boulder beetle's attack.
Your ice beast hits the boulder beetle but does no damage.
The boulder beetle barely misses you.
Your ice beast hits the boulder beetle but does no damage.
The boulder beetle attacks as it pursues you!
The boulder beetle completely misses you.
Your surroundings suddenly seem different.
An orc priest and a two-headed ogre come into view.
The orc priest shouts!
An orc knight comes into view. It is wielding a +0 long sword.
A yaktaur comes into view.
The yaktaur shouts!
You hear a shout!
The yaktaur wields a +2 arbalest of draining.
You sense an unholy aura.
The yaktaur shoots a bolt.
The bolt barely misses you.
A yaktaur comes into view.
Found a gate to the Vaults.
The yaktaur wields a +0 arbalest.
The yaktaur shoots a bolt.
The bolt hits you!!
As you read the scroll of teleportation, it crumbles to dust.
You feel strangely unstable.
The yaktaur shoots a bolt.
The bolt hits you!!
* * * LOW HITPOINT WARNING * * *
As you read the scroll of revelation, it crumbles to dust.
You feel aware of your surroundings.
You sensed 1 shop/portal.
An orc priest and a centaur warrior come into view.
The yaktaur shoots a bolt.
The bolt misses you.
An orc wizard comes into view. It is wielding a +0 dagger.
The orc wizard moves out of view.
The yaktaur shoots a bolt.
The bolt hits you!!
You die...
Your body crumbles into a pile of gold.

** *,,######.#.....###,,*,*
*,,....##..........,,,,*
**,###......c...###*****
*,######.##...####
*,...#######..####***
**####∩....#..#...,,*
####..#c##..##.#,,*
####.#.#.#..#.#o*,*
*####.c##@#..#.##o,*
*...#.#...o......#,*
********.#######.#..#o###****
,,,,,,,,............o...,,,,*
,*******.................,,,*
,* *,,,,...#####.#..#.###**,**
,* *,***,###.#..........*,*,,*
,***,***,* *,,*#.#..#.##O,**,*
,,,,,,,,,***,*,#.*..#.*,*,**,**


You could see an orc knight (wandering), a yaktaur and 2 orc priests.

Vanquished Creatures
  2 hydras (D:9)
  2 two-headed ogres (D:9)
  4 deep elf pyromancers (D:9)
  2 manticores (D:9)
  A black mamba (Lair:2)
  6 cane toads
  An unseen horror (D:10)
  A rime drake (Lair:2)
  2 komodo dragons (Lair:2)
  A polar bear (Lair:2)
  A troll (D:7)
  A dream sheep (Lair:1)
  2 hornets
  3 blink frogs
  Prince Ribbit (Lair:1)
  14 yaks
  A vampire (D:11)
  2 wyverns
  4 basilisks
  2 steam dragons
  A wraith (D:8)
  An acid dragon (D:9)
  5 water moccasins
  3 orc warriors
  An ice beast (D:8)
  2 sky beasts
  3 wolves
  2 ogres (D:5)
  4 centaurs (D:11)
  3 phantoms
  A kobold brigand (D:10)
  8 bullfrogs
  4 scorpions
  2 wyvern zombies (D:7)
  3 wights
  2 burial acolytes (D:7)
  6 killer bees (D:7)
  A nameless horror (D:7)
  A howler monkey (D:7)
  A bombardier beetle (D:5)
  2 centaur zombies (D:7)
  A bullfrog zombie (D:7)
  A human zombie (D:7)
  5 jellies
  6 hounds
  2 gnoll boudas
  3 centaur skeletons (D:7)
  An orc priest (D:5)
  A sleepcap (D:7)
  2 iguanas
  14 orc wizards
  4 hell rats (Lair:2)
  A howler monkey zombie (D:7)
  10 gnolls
  8 adders
  A shadow imp (D:7)
  2 ufetubi (D:5)
  2 dart slugs
  3 ribbon worms
  35 orcs
  6 ball pythons
  4 bats
  11 endoplasms
  4 giant cockroaches
  6 hobgoblins
  12 jackals
  4 quokkas
  6 frilled lizards
  6 goblins
  12 kobolds
  6 rats
  7 fulminant prisms
295 creatures vanquished.

Vanquished Creatures (collateral kills)
  A centaur warrior (D:9)
  An elephant (D:7)
  2 black mambas (Lair:2)
  2 rime drakes (Lair:1)
  A cane toad (Lair:2)
  2 komodo dragons (Lair:2)
  A blink frog (Lair:1)
  2 dream sheep (Lair:1)
  3 yaks
  A wraith (D:10)
  2 wyverns
  4 water moccasins
  3 wolves (D:8)
  A centaur (D:11)
  A bullfrog (Lair:1)
  A hound (D:4)
  A hell rat (Lair:2)
  An adder (D:4)
  A white imp (D:6)
  3 orcs
  2 hobgoblins (D:4)
36 creatures vanquished.

Vanquished Creatures (others)
  43 fulminant prisms
43 creatures vanquished.

Grand Total: 374 creatures vanquished

Notes
Turn   | Place    | Note
-------+----------+-------------------------------------------
     0 | D:1      | hipposaver the Djinni Conjurer began the quest for the Orb.
     0 | D:1      | hipposaver set off with the following spells memorised:
                  | Magic Dart, Searing Ray, Fulminant Prism, Iskenderun's
                  | Mystic Blast.
     0 | D:1      | Reached XP level 1. HP: 15/15 MP: 0/0
   235 | D:1      | Reached XP level 2. HP: 19/21 MP: 0/0
   587 | D:1      | Reached XP level 3. HP: 26/26 MP: 0/0
   587 | D:1      | Learned a level 1 spell: Shock
   672 | D:1      | Reached skill level 1 in Fighting
   672 | D:1      | Reached skill level 1 in Armour
   737 | D:1      | Found a faded altar of an unknown god.
  1207 | D:2      | Reached XP level 4. HP: 27/32 MP: 0/0
  1209 | D:2      | Reached skill level 3 in Dodging
  1668 | D:2      | Identified the +0 ring mail "Eloass" {+Inv rPois Will+}
  1940 | D:3      | Reached XP level 5. HP: 33/38 MP: 0/0
  1940 | D:3      | Learned a level 2 spell: Momentum Strike
  2082 | D:3      | Identified the +1 leather armour "Waseg" {Dex+4}
  2389 | D:3      | Reached XP level 6. HP: 40/45 MP: 0/0
  2423 | D:3      | Found a transporter.
  2550 | D:3      | Found a transporter.
  2776 | D:3      | Identified a scroll of acquirement
  2776 | D:3      | Acquired 721 gold pieces
  2833 | D:4      | Reached skill level 4 in Dodging
  2893 | D:4      | Found a sacrificial altar of Ru.
  3023 | D:4      | Reached XP level 7. HP: 32/50 MP: 0/0
  3023 | D:4      | Learned a level 3 spell: Summon Ice Beast
  3601 | D:5      | Entered Level 5 of the Dungeon
  3769 | D:4      | HP: 2/50 [phantom (5)]
  3992 | D:5      | Found a large runed translucent door.
  3993 | D:5      | Found a large runed translucent door.
  4059 | D:5      | Reached skill level 5 in Dodging
  4059 | D:5      | Reached XP level 8. HP: 55/58 MP: 0/0
  4840 | D:5      | Found a shimmering altar of Xom.
  4900 | D:5      | Identified the +2 dagger of Destiny {chaos, rElec}
  5155 | D:6      | Reached skill level 5 in Spellcasting
  5155 | D:6      | Reached skill level 5 in Conjurations
  5155 | D:6      | Reached skill level 5 in Hexes
  5155 | D:6      | Reached skill level 5 in Summonings
  5155 | D:6      | Reached skill level 5 in Necromancy
  5155 | D:6      | Reached skill level 5 in Translocations
  5155 | D:6      | Reached skill level 5 in Fire Magic
  5155 | D:6      | Reached skill level 5 in Ice Magic
  5155 | D:6      | Reached skill level 5 in Air Magic
  5155 | D:6      | Reached skill level 5 in Earth Magic
  5155 | D:6      | Reached skill level 5 in Alchemy
  5533 | D:6      | Found a transporter.
  5544 | D:6      | Reached skill level 6 in Dodging
  5576 | D:6      | Found a transporter.
  5579 | D:6      | Noticed Ceno's ghost (novice TeRe)
  5586 | D:6      | Reached skill level 5 in Fighting
  5586 | D:6      | Reached skill level 5 in Armour
  5798 | D:6      | Found a staircase to the Ecumenical Temple.
  5996 | Temple   | Found a transporter.
  5996 | Temple   | Found a transporter.
  5996 | Temple   | Found a transporter.
  5996 | Temple   | Found a transporter.
  5996 | Temple   | Entered the Ecumenical Temple
  6014 | Temple   | Became a worshipper of Gozag Ym Sagoz the Greedy
  6086 | D:7      | Noticed a troll
  6095 | D:6      | Reached XP level 9. HP: 56/65 MP: 0/0
  6095 | D:6      | Learned a level 4 spell: Martyr's Knell
  6292 | D:7      | Killed a troll
  6998 | D:7      | Reached skill level 7 in Dodging
  7485 | D:7      | Reached XP level 10. HP: 46/73 MP: 0/0
  8002 | D:7      | Bought a transparent leather armour for 238 gold pieces
  8002 | D:7      | Identified the +0 leather armour of Noeline {rElec rC+++
                  | Will++ Str-5} (You bought it in a shop on level 7 of the
                  | Dungeon)
  8062 | D:8      | Noticed an elephant
  8265 | D:7      | Killed an elephant
  8266 | D:7      | Reached skill level 8 in Dodging
  8589 | D:8      | Found a staircase to the Lair.
  9512 | Lair:1   | Entered Level 1 of the Lair of Beasts
  9803 | Lair:1   | Noticed a rime drake
  9987 | Lair:1   | Killed a rime drake
 10161 | Lair:1   | Noticed a cane toad
 10174 | Lair:1   | Killed a cane toad
 10175 | Lair:1   | Reached XP level 11. HP: 53/81 MP: 0/0
 10175 | Lair:1   | Learned a level 4 spell: Ignite Poison
 10284 | Lair:1   | Reached skill level 9 in Dodging
 11359 | Lair:1   | Noticed Prince Ribbit
 11880 | Lair:1   | Reached skill level 10 in Dodging
 12139 | Lair:1   | Killed Prince Ribbit
 12512 | Lair:1   | Bought a +2 pair of gloves of dexterity for 279 gold pieces
 12871 | Lair:2   | Reached XP level 12. HP: 79/89 MP: 0/0
 13723 | Lair:2   | Reached skill level 11 in Dodging
 14139 | Lair:2   | Found a staircase to the Shoals.
 14265 | Lair:2   | Found a large runed translucent door.
 14265 | Lair:2   | Found a large runed translucent door.
 14267 | Lair:2   | Noticed Tollund's ghost (journeyman SpAl)
 14471 | Lair:2   | Reached skill level 10 in Fighting
 14471 | Lair:2   | Reached skill level 10 in Armour
 14537 | Lair:2   | Noticed a death yak
 14802 | D:9      | Noticed a centaur warrior
 15032 | D:9      | Noticed a six-headed hydra
 15059 | D:9      | Killed a six-headed hydra
 15221 | D:9      | Noticed a six-headed hydra
 15275 | D:9      | Killed a six-headed hydra
 15291 | D:9      | Reached XP level 13. HP: 70/97 MP: 0/0
 15291 | D:9      | Learned a level 5 spell: Alistair's Intoxication
 15726 | D:9      | Found Icowiu's Assorted Antiques.
 15908 | D:9      | Killed a centaur warrior
 16454 | D:9      | Reached skill level 12 in Dodging
 16814 | D:10     | Entered Level 10 of the Dungeon
 18044 | D:11     | You are sucked into a shaft and drop 2 floors!
 18066 | D:13     | Found Beodyoh's Magic Scroll Boutique.
 18090 | D:13     | Found a gate to the Vaults.
 18092 | D:13     | Noticed a centaur warrior
 18094 | D:13     | Shot with a bolt by a yaktaur

Illustrated notes

Levels and vault maps discovered:
D:1:      lordsloth_arrival_two_stooges, layout_basic,
          shapermc_ecumenical_altar_totnotflames
D:2:      layout_loops_corners
D:3:      gammafunk_wand_slinger, layout_loops_ring, minmay_between
D:4:      layout_rooms, lemuel_tele_altar
D:5:      due_chaos_kobolds, layout_basic
D:6:      layout_basic, minmay_temple_entry_junction, gammafunk_ghost_stat_death
D:7:      layout_rooms, lemuel_mausoleum_altar_kikubaaqudgha,
          kennysheep_small_spiral
D:8:      layout_loops_corners, david_lair_generic
D:9:      layout_loops_ring, lemuel_coloured_pillars_altar, serial_shops,
          shop_coins, minivault_28
D:10:     layout_basic
D:11:     minmay_bubble_buster, layout_loops_cross,
          minmay_misc_feat_secret_circle
D:13:     layout_loops_corners, hangedman_vaults_entry_quadrant_bands,
          serial_shops, shop, enter_trove_5
Temple:   hellmonk_temple_divided_pantheon
Lair:1:   layout_regular_city, dreamdust_gnoll_shepherd, lemuel_fruit_fields,
          uniq_prince_ribbit2
Lair:2:   nzn_winding_woodlands_stair_cross [nzn_winding_woodlands_5x15_jagged,
          nzn_winding_woodlands_center_lodge, nzn_winding_woodlands_5x15_cabin,
          nzn_winding_woodlands_5x5_cross, nzn_winding_woodlands_5x5_three,
          nzn_winding_woodlands_5x15_eye,
          nzn_winding_woodlands_center_pierced_h,
          nzn_winding_woodlands_5x15_pathside_ponds], layout_misc_corridors,
          shoals_dummy_entry, alex1729_snake_entry_snake,
          ebering_ghost_disaster_area

Skill      XL: |  1  2  3  4  5  6  7  8  9 10 11 12 13 |
---------------+----------------------------------------+-----
Fighting       | 1 2 3 5 6 7 9 10 11 | 11.0
Armour         | 1 2 3 5 6 7 9 10 11 | 11.0
Dodging        | 3 4 5 6 7 8 10 11 12 | 12.2
Spellcasting   | 4 5 6 7 8 9 |  9.1
Conjurations   | 4 5 6 7 8 9 |  9.1
Hexes          | 4 5 6 7 8 9 |  9.1
Summonings     | 4 5 6 7 8 9 |  9.1
Necromancy     | 4 5 6 7 8 9 |  9.1
Translocations | 4 5 6 7 8 9 |  9.1
Fire Magic     | 4 5 6 7 8 9 |  9.1
Ice Magic      | 4 5 6 7 8 9 |  9.1
Air Magic      | 4 5 6 7 8 9 |  9.1
Earth Magic    | 4 5 6 7 8 9 |  9.1
Alchemy        | 4 5 6 7 8 9 |  9.1
Stealth        | |  1.5

Action                     |  1- 3 |  4- 6 |  7- 9 | 10-12 | 13-15 || total
---------------------------+-------+-------+-------+-------+-------++-------
  Melee: Staff             |       |       |     9 |     5 |     4 ||    18
   Cast: Magic Dart        |    49 |    39 |    53 |    41 |     2 ||   184
         Searing Ray       |     5 |    26 |    73 |   148 |    30 ||   282
         Shock             |       |     1 |       |       |       ||     1
         Momentum Strike   |       |     1 |       |       |       ||     1
         Summon Ice Beast  |       |       |    11 |    54 |    12 ||    77
         Fulminant Prism   |       |       |    15 |    16 |    19 ||    50
         Martyr's Knell    |       |       |       |     2 |     1 ||     3
         Alistair's Intoxi |       |       |       |       |     2 ||     2
 Invoke: Call Merchant     |       |       |       |     2 |       ||     2
    Use: Scroll            |     1 |     7 |     5 |     8 |     6 ||    27
         Potion            |       |       |     2 |     2 |     1 ||     5
 Armour: Robe              |     1 |    17 |    80 |    28 |       ||   126
         Leather armour    |       |       |       |   220 |    83 ||   303
  Dodge: Dodged            |     3 |    12 |    79 |   223 |    39 ||   356
  Block: Other             |       |       |       |    57 |    18 ||    75
         Reflection        |       |       |       |       |     5 ||     5

Table legend: (Time is in decaauts)
 A = Elapsed time spent in this place.
 B = Non-inter-level travel time spent in this place.
 C = Inter-level travel time spent in this place.
 D = Time resting spent in this place.
 E = Time spent auto-exploring this place.
 F = Levels seen in this place.
 G = Mean time per level.
                   A        B        C        D        E       F      G
               +--------+--------+--------+--------+--------+-----+--------+
         Total |  18136 |  17496 |    640 |   5319 |   9450 |  15 | 1209.1 |
       Dungeon |  13658 |  13097 |    561 |   3167 |   7960 |  12 | 1138.2 |
        Temple |     38 |     28 |     10 |      0 |      0 |   1 |   38.0 |
          Lair |   4439 |   4370 |     69 |   2152 |   1490 |   2 | 2219.5 |
               +--------+--------+--------+--------+--------+-----+--------+

Top non-repeatable levels by time:
  Lair:1: 2441 daAuts
     D:8: 2245 daAuts
  Lair:2: 1998 daAuts
     D:7: 1793 daAuts
     D:9: 1786 daAuts
     D:6: 1490 daAuts
     D:5: 1167 daAuts
     D:4: 1089 daAuts
     D:2: 977 daAuts
     D:1: 956 daAuts
    D:10: 940 daAuts
     D:3: 858 daAuts
    D:11: 302 daAuts
    D:13: 49 daAuts
  Temple: 38 daAuts
